 Dungeon Crawl Stone Soup version 0.30.1-11-g7821555f0a (webtiles) character file.

Game seed: 7108995848565673565

21 SacredBeard the Vexing (level 2, -5/16 HPs)
             Began as a Deep Elf Hexslinger on Nov 2, 2023.
             Slain by an iguana (13 damage)
             ... on level 2 of the Dungeon.
             The game lasted 00:02:33 (1057 turns).

SacredBeard the Vexing (Deep Elf Hexslinger)        Turns: 1057, Time: 00:02:34

Health: -5/16      AC:  4    Str:  7    XL:     2   Next: 65%
Magic:  7/7        EV: 12    Int: 17    God:
Gold:   77         SH:  0    Dex: 15    Spells: 4/5 levels left

rFire   . . .        a - +1 sling
rCold   . . .        (no shield)
rNeg    . . .        f - +0 leather armour
rPois   .            (no helmet)
rElec   .            (no cloak)
rCorr   .            l - +0 pair of gloves
SInv    .            (no boots)
Will    +....        (no amulet)
Stlth   +            g - ring of willpower
HPRegen 0.22/turn    (no ring)
MPRegen 0.10/turn

%: no passive effects
@: no status effects
A: no striking features
a: no special abilities


You were on level 2 of the Dungeon.
You visited 1 branch of the dungeon, and saw 2 of its levels.

You collected 77 gold pieces.

Inventory:

Hand Weapons
 a - a +1 sling (weapon)
 c - a +0 dagger
Armour
 f - a +0 leather armour (worn)
 l - a +0 pair of gloves (worn)
Jewellery
 g - a ring of willpower (left hand)
 n - an amulet of reflection
Scrolls
 b - a scroll of poison
 d - a scroll of immolation {unknown}
 h - a scroll of magic mapping {unknown}
 m - a scroll of teleportation {unknown}
 p - a scroll of torment {unknown}
 q - a scroll of identify {unknown}
Potions
 e - 3 potions of curing {unknown}
 i - 2 potions of magic {unknown}
 j - a potion of invisibility {unknown}
 k - 2 potions of might {unknown}
 o - a potion of cancellation {unknown}


   Skills:
 - Level 1.0 Fighting
 * Level 3.3 Ranged Weapons
 + Level 0.3 Armour
 + Level 2.7 Dodging
 + Level 2.1 Spellcasting
 + Level 4.2 Hexes


You had 4 spell levels left.
You knew the following spells:

 Your Spells              Type           Power      Damage    Failure   Level
a - Slow                  Hex            64%        N/A       4%          1

Your spell library contained the following spells:

 Spells                   Type           Power      Damage    Failure   Level
 Inner Flame              Hex/Fire       9%         N/A       34%         3
 Portal Projectile        Hex/Tloc       18%        N/A       34%         3
 Cause Fear               Hex            8%         N/A       43%         4


Dungeon Overview and Level Annotations

Branches:
Dungeon (2/15) Zot: 10922

Altars:


Message History

The giant cockroach waves its antennae.
The giant cockroach bites you.
You shoot a sling bullet.
The sling bullet hits the giant cockroach.
You kill the giant cockroach!
No target in view!
HP restored.
You see here a giant cockroach corpse.
Found a ring mail.
Found a leather armour.
e - 3 ruby potions (gained 1)
Found a plate armour.
Found a stone staircase leading down.
No target in view!
You now have 77 gold pieces (gained 9).
An iguana comes into view.
You shoot a sling bullet. The sling bullet hits the iguana!
The iguana hisses angrily.
The iguana is heavily wounded.
You shoot a sling bullet. The sling bullet hits the iguana.
The iguana is severely wounded.
You shoot a sling bullet. The sling bullet hits the iguana.
The iguana is severely wounded.
The iguana closely misses you.
You shoot a sling bullet.
The sling bullet hits the iguana but does no damage.
The iguana is severely wounded.
The iguana bites you!
Ouch! That really hurt!
You shoot a sling bullet.
The sling bullet closely misses the iguana.
The iguana misses you. x2
You shoot a sling bullet.
The sling bullet barely misses the iguana.
The iguana misses you.
You shoot a sling bullet. The sling bullet hits the iguana.
The iguana is almost dead.
The iguana bites you!
Ouch! That really hurt!
You die...

########### ..........#
......l.#.# #@#.# #####
########.# ####.#.####...#
..<....... #............[######
..........................>....#
########.####....#######.#####.#
##.#.# #.# #.#.# #.# #.#.# #.#
....# ### #.#


You could see an iguana.

Vanquished Creatures
  2 bats (D:1)
  An endoplasm (D:2)
  2 giant cockroaches
  A goblin (D:2)
  2 hobgoblins (D:1)
  A kobold (D:1)
  2 quokkas (D:1)
  6 ball pythons
  A rat (D:2)
18 creatures vanquished.

Notes
Turn   | Place    | Note
-------+----------+-------------------------------------------
     0 | D:1      | SacredBeard the Deep Elf Hexslinger began the quest for the
                  | Orb.
     0 | D:1      | Reached XP level 1. HP: 11/11 MP: 5/5
   475 | D:1      | Reached XP level 2. HP: 16/16 MP: 6/6
   511 | D:1      | Reached skill level 1 in Fighting
  1057 | D:2      | Slain by an iguana

Illustrated notes

Levels and vault maps discovered:
D:1:      lemuel_arrival_rhombus, layout_basic, serial_park_tiny_1
D:2:      layout_loops_ring, serial_shops, nicolae_shop_tiny_real_fake_doors,
          minmay_ruptured

Skill      XL: |  1  2 |
---------------+-------+-----
Ranged Weapons | 3 |  3.3
Fighting       | 1 |  1.0
Spellcasting   | 2 |  2.1
Armour         | |  0.3
Dodging        | |  2.7
Hexes          | |  4.2

Action                     || total
---------------------------++-------
  Melee: Dagger            ||     3
   Fire: Sling             ||    68
 Armour: Leather armour    ||     9
  Dodge: Dodged            ||    24
